 Dungeon Crawl Stone Soup version 0.31.0-11-ge490571c62 (webtiles) character file.

Game seed: 9934178158438620383

3186 ezpacito the Cleaver (level 9, -2/59 (68) HPs)
             Began as a Demonspawn Berserker on Feb 1, 2024.
             Was an Elder of Trog.
             Slain by Jeremiah
             ... wielding a +3 trident of draining
              (5 damage)
             ... on level 8 of the Dungeon.
             The game lasted 00:08:02 (6042 turns).

ezpacito the Cleaver (Demonspawn Berserker)         Turns: 6042, Time: 00:08:03

HP:   -2/59 (68)    AC: 10    Str: 20    XL:     9   Next: 64%
MP:   9/9           EV: 10    Int:  8    God:    Trog [****..]
Gold: 455           SH:  0    Dex: 14    Spells: 8/8 levels left

rFire   . . .        d - +1 battleaxe
rCold   + . .        (shield currently unavailable)
rNeg    . . .        E - +0 acid dragon scales
rPois   +            (helmet restricted)
rElec   .            r - +1 cloak
rCorr   +            o - +0 pair of gloves
SInv    .            (boots unavailable)
Will    .....        i - amulet of faith
Stlth   ++           e - ring of poison resistance
HPRegen 0.29/turn    u - ring of protection from cold
MPRegen 0.11/turn

%: faith
@: mighty, on berserk cooldown, slowed, constricted, studying Spellcasting,
heavily drained, very slow
A: hooves 3, powered by pain 1, augmentation 1, condensation shield, antennae 1,
noise suppression
a: Renounce Religion, Berserk, Trog's Hand, Brothers in Arms


You were on level 8 of the Dungeon.
You worshipped Trog.
Trog was greatly pleased with you.
You visited 2 branches of the dungeon, and saw 9 of its levels.

You collected 455 gold pieces.

Inventory:

Hand Weapons
 d - a +1 battleaxe (weapon)
 f - a +0 war axe
 D - a +2 scimitar of flaming
Missiles
 b - 52 stones (quivered)
 k - 3 javelins
 w - 6 poisoned darts
Armour
 o - a +0 pair of gloves (worn)
 r - a +1 cloak (worn)
 E - +0 acid dragon scales (worn)
Jewellery
 e - a ring of poison resistance (left hand)
 i - an amulet of faith (around neck)
 j - an amulet of faith
 u - a ring of protection from cold (right hand)
Talismans
 a - a maw talisman
 y - a beast talisman
Wands
 s - a wand of paralysis (10)
 t - a wand of flame (9)
 v - a wand of light (13)
 J - a wand of iceblast (5)
Scrolls
 g - 5 scrolls of teleportation
 l - 4 scrolls of noise
 m - 2 scrolls of revelation
 n - 3 scrolls of vulnerability
 p - 4 scrolls of poison
 x - 2 scrolls of fog
 I - a scroll of blinking {unknown}
Potions
 c - 2 potions of curing
 h - a potion of lignification
 z - 2 potions of mutation
 A - a potion of might {unknown}
 C - a potion of berserk rage {unknown}
 G - 3 potions of degeneration {unknown}


   Skills:
 * Level 5.3 Fighting
 * Level 8.0 Axes
 * Level 4.6 Armour
 * Level 4.5 Dodging
 * Level 3.4 Stealth
 - Level 0.6 Shields
 * Level 3.2 Unarmed Combat
 * Level 2.7 Evocations
 * Level 2.8 Shapeshifting


You had 8 spell levels left.
You didn't know any spells.
Your spell library contained the following spells:

 Spells                   Type           Power      Damage    Failure   Level
 Gell's Gravitas          Tloc           0%         N/A       86%         3
 Hailstorm                Conj/Ice       0%         3d5       86%         3
 Stone Arrow              Conj/Erth      0%         3d7       86%         3
 Summon Ice Beast         Ice/Summ       0%         N/A       86%         3
 Teleport Other           Tloc           0%         N/A       86%         3
 Animate Armour           Summ/Erth      0%         N/A       99%         4
 Dispersal                Tloc           0%         N/A       100%        6
 Sculpt Simulacrum        Ice/Alch       0%         N/A       100%        6
 Lehudib's Crystal Spear  Conj/Erth      0%         10d2      100%        8


Dungeon Overview and Level Annotations

Branches:
Dungeon (8/15)             Temple (1/1) D:7
   Lair: D:8-11

Altars:
Ashenzari
Cheibriados
Dithmenos
Fedhas
Gozag
Hepliaklqana
Kikubaaqudgha
Makhleb
Nemelex Xobeh
Okawaru
Qazlal
Ru
Sif Muna
Trog
Uskayaw
Vehumet
Wu Jian
Yredelemnul

Shops:
D:5 :   D:6 [

Annotations:
D:8 Erica, Jeremiah


Innate Abilities, Weirdness & Mutations

You have hooves in place of feet.
You sometimes gain a little power by taking damage.
Your magical and physical power is slightly enhanced at high health.
A meltable shield of frost defends you. (SH +0)
You have a pair of small antennae on your head.
You passively dampen the noise of your surroundings.


Message History

Jeremiah is heavily wounded.
You are no longer berserk.
You are exhausted.
You feel yourself slow down. Jeremiah closely misses you.
Unknown command.
You closely miss Jeremiah.
Jeremiah is heavily wounded.
You closely miss Erica. You miss the butterfly. x2
You closely miss the butterfly.
The butterfly disappears in a burst of colours! x4
Jeremiah hits you with a +3 trident of draining!
You feel drained. Erica closely misses you. x2
Jeremiah hits you with a +3 trident of draining.
You feel drained. Erica misses you. Erica grabs you. Erica constricts you.
Okay, then.
It was a potion of mutation.
You feel extremely strange.
You feel your surroundings grow quieter.
A pair of antennae grows on your head!
The butterfly disappears in a burst of colours! x2
Jeremiah hits you with a +3 trident of draining.
You feel drained.
* * * LOW HITPOINT WARNING * * *
Erica casts a spell at you. The bolt of poison hits you! You resist.
* * * LOW HITPOINT WARNING * * *
Erica constricts you.
Jeremiah hits you with a +3 trident of draining.
* * * LOW HITPOINT WARNING * * *
You feel drained.
* * * LOW HITPOINT WARNING * * *
Okay, then.
As you read the scroll labelled LINIRCH VAYWKAT, it crumbles to dust.
It is a scroll of enchant weapon.
Your +0 battleaxe glows red for a moment.
The butterfly disappears in a burst of colours! x4
Erica barely misses you. Erica constricts you.
* * * LOW HITPOINT WARNING * * *
Jeremiah hits you with a +3 trident of draining.
You die...
Jeremiah wails, "I didn't mean to kill anyone!
I'm not a murderer!"

...†.##..########.#
.....##..###....#.#
.....##.........#.#
.....##........##.#
.^...#######.#....#########
.....# #.....bb.........
.....# #...bb.b.........
.....######....xb.b.b......
........b.......@F.........
................bb.......##
.)...######....b.b.b.......
)))............########...#
..)............# .###
...............# #
###............#
#............#
#............#


You could see Erica and Jeremiah.

Vanquished Creatures
  Maggie (D:6)
  Grinder (D:5)
  Prince Ribbit (D:6)
  Eustachio (D:6)
  Menkaure (D:5)
  A water moccasin (D:5)
  2 orc warriors
  2 black bears
  An ice beast (D:8)
  3 ogres
  A phantom (D:5)
  3 bullfrogs
  2 scorpions
  3 wights (D:7)
  6 killer bees (D:7)
  An electric eel (D:6)
  A howler monkey (D:8)
  4 hounds
  2 orc priests
  A sleepcap (D:5)
  4 iguanas
  7 orc wizards
  4 gnolls (D:4)
  9 adders
  An ufetubus (D:6)
  A ribbon worm (D:4)
  A dart slug (D:1)
  13 orcs
  8 ball pythons
  6 bats
  4 endoplasms
  2 giant cockroaches
  5 hobgoblins
  3 kobolds
  2 quokkas
  7 frilled lizards
  7 goblins
  4 rats
126 creatures vanquished.

Vanquished Creatures (others)
  An ufetubus (D:6)
1 creature vanquished.

Grand Total: 127 creatures vanquished

Notes
Turn   | Place    | Note
-------+----------+-------------------------------------------
     0 | D:1      | ezpacito the Demonspawn Berserker began the quest for the
                  | Orb.
     0 | D:1      | Reached XP level 1. HP: 18/18 MP: 1/1
   226 | D:1      | Found a faded altar of an unknown god.
   425 | D:1      | Gained mutation: You have large cloven feet. [demonic
                  | ancestry]
   425 | D:1      | Reached XP level 2. HP: 24/24 MP: 2/2
   467 | D:1      | Reached skill level 3 in Axes
   691 | D:2      | Found a basalt altar of Yredelemnul.
  1308 | D:2      | Gained mutation: A meltable shield of frost defends you.
                  | (SH +0) [demonic ancestry]
  1308 | D:2      | Reached XP level 3. HP: 24/29 MP: 3/3
  1435 | D:2      | Reached ** piety under Trog
  1765 | D:3      | You fall into a shaft and drop 2 floors!
  1765 | D:5      | Entered Level 5 of the Dungeon
  1776 | D:5      | Noticed Menkaure
  1777 | D:5      | Noticed an orc warrior
  1783 | D:5      | Killed Menkaure
  1784 | D:5      | Reached skill level 4 in Axes
  1784 | D:5      | Reached skill level 1 in Stealth
  1784 | D:5      | Reached skill level 1 in Unarmed Combat
  1784 | D:5      | Reached XP level 4. HP: 18/35 MP: 4/4
  1784 | D:5      | Gained mutation: You have hoof-like feet. [demonic
                  | ancestry]
  1784 | D:5      | Reached XP level 5. HP: 21/41 MP: 5/5
  1789 | D:5      | Killed an orc warrior
  1841 | D:5      | Noticed a water moccasin
  1846 | D:5      | Killed a water moccasin
  1847 | D:5      | Reached skill level 1 in Shapeshifting
  1847 | D:5      | Reached XP level 6. HP: 32/48 MP: 6/6
  2025 | D:5      | Found Gak Amae's Book Boutique.
  2035 | D:5      | Reached skill level 5 in Axes
  2035 | D:5      | Gained mutation: You sometimes gain a little power by
                  | taking damage. [demonic ancestry]
  2035 | D:5      | Reached XP level 7. HP: 38/53 MP: 7/7
  2394 | D:3      | Found a sacrificial altar of Ru.
  2511 | D:3      | Reached *** piety under Trog
  3291 | D:5      | Noticed Grinder
  3301 | D:5      | Killed Grinder
  3302 | D:5      | Gained mutation: You have hooves in place of feet. [demonic
                  | ancestry]
  3302 | D:5      | Reached XP level 8. HP: 29/60 MP: 8/8
  3446 | D:5      | Reached skill level 6 in Axes
  3446 | D:5      | Reached skill level 1 in Evocations
  3851 | D:6      | Noticed Maggie
  3863 | D:6      | Killed Maggie
  4157 | D:6      | Identified the +4 whip "Tiebb" {heavy, rPois Will- Str-5
                  | Int+8}
  4162 | D:6      | Found a shadowy altar of Dithmenos.
  4171 | D:6      | Noticed Eustachio
  4184 | D:6      | Killed Eustachio
  4380 | D:6      | Noticed Prince Ribbit
  4392 | D:6      | Killed Prince Ribbit
  4393 | D:6      | Reached skill level 7 in Axes
  4479 | D:6      | Gained mutation: Your magical and physical power is
                  | slightly enhanced at high health. [demonic ancestry]
  4479 | D:6      | Reached XP level 9. HP: 67/67 MP: 9/9
  4661 | D:6      | Found Usaloyh's Antique Armour Shoppe.
  5037 | D:7      | Reached skill level 5 in Fighting
  5048 | D:7      | Reached **** piety under Trog
  5105 | D:7      | Found a staircase to the Ecumenical Temple.
  5126 | Temple   | Entered the Ecumenical Temple
  5862 | D:8      | Reached skill level 8 in Axes
  6020 | D:8      | Noticed Jeremiah
  6026 | D:8      | Noticed Erica
  6041 | D:8      | Gained mutation: You passively dampen the noise of your
                  | surroundings. [potion of mutation]
  6041 | D:8      | Gained mutation: You have a pair of small antennae on your
                  | head. [potion of mutation]
  6042 | D:8      | Slain by Jeremiah

Illustrated notes

Levels and vault maps discovered:
D:1:      saegor_arrival_miasma, layout_basic,
          shapermc_ecumenical_altar_notcrosses
D:2:      layout_loops_corners, basic_altar, nrook_mini_vaults
D:3:      layout_rooms, nicolae_ru_great_annihilating_truth
D:4:      minmay_evil_eye, layout_loops_cross, hangedman_feature_mirror,
          minmay_misc_feat_alley
D:5:      layout_rooms, serial_shops, nicolae_shop_trees,
          chequers_serial_rivers_room_a, uniq_menkaure, uniq_grinder
D:6:      layout_basic, mainiacjoe_overflow_alcove_1, serial_shops,
          nicolae_shop_real_fake_doors, kennysheep_dice, uniq_prince_ribbit1,
          uniq_maggie, uniq_eustachio
D:7:      layout_basic, temple_fountains
D:8:      layout_basic, dk_yredelemnul_ordeal, uniq_joseph, uniq_jeremiah,
          uniq_erica
Temple:   mainiacjoe_temple_coin_purse

Skill      XL: |  1  2  3  4  5  6  7  8  9 |
---------------+----------------------------+-----
Axes           | 3 4 5 7 8 |  8.0
Armour         | 2 3 4 |  4.6
Dodging        | 2 3 4 |  4.5
Stealth        | 1 2 3 |  3.4
Unarmed Combat | 1 2 3 |  3.2
Shapeshifting  | 1 2 |  2.8
Fighting       | 4 5 |  5.3
Evocations     | 2 |  2.7
Shields        | |  0.6

Action                     |  1- 3 |  4- 6 |  7- 9 || total
---------------------------+-------+-------+-------++-------
  Melee: Hand axe          |    26 |       |       ||    26
         War axe           |    52 |     9 |       ||    61
         Kick              |    14 |     4 |    68 ||    86
         Battleaxe         |       |    21 |   219 ||   240
 Invoke: Berserk           |     1 |     2 |     7 ||    10
    Use: Potion            |       |     2 |     1 ||     3
         Scroll            |       |       |    10 ||    10
   Stab: Invisible         |       |       |     1 ||     1
         Paralysed         |       |       |     1 ||     1
         Sleeping          |       |       |     4 ||     4
 Armour: Ring mail         |    41 |       |       ||    41
         Animal skin       |     2 |       |       ||     2
         Chain mail        |     2 |    46 |    93 ||   141
         Acid dragon scale |       |       |   113 ||   113
  Dodge: Dodged            |    45 |    22 |   153 ||   220
  Block: Other             |     8 |     8 |    54 ||    70
         Form:             |     1 |       |       ||     1
         Maw               |     1 |       |       ||     1
